 Dungeon Crawl Stone Soup version 0.28-a0-503-g83f2989fac (webtiles) character file.

Game seed: 17402345630768540163

31 spiderkeys the Skirmisher (level 3, 0/35 HPs)
             Began as a Gnoll Abyssal Knight on Sept 21, 2021.
             Was a Follower of Lugonu.
             Slain by a raiju (5 damage)
             ... on level 1 of the Abyss.
             The game lasted 00:00:29 (172 turns).

spiderkeys the Skirmisher (Gnoll Abyssal Knight)     Turns: 172, Time: 00:00:29

Health: 0/35       AC:  3    Str: 13      XL:     3   Next: 22%
Magic:  6/6        EV: 11    Int:  9      God:    Lugonu [*.....]
Gold:   21         SH:  0    Dex:  8 (12) Spells: 3/3 levels left

rFire   . . .      SeeInvis .   a - +1 spear
rCold   + . .      Faith    .   (no shield)
rNeg    . . .      Spirit   .   b - +0 leather armour
rPois   .          Reflect  .   (no helmet)
rElec   .          Harm     .   (no cloak)
rCorr   .          Rampage  .   (no gloves)
Will    .....                   (no boots)
Stlth   +.........              (no amulet)
HPRegen 0.11/turn               C - ring of protection from cold
MPRegen 0.10/turn               (no ring)

@: no status effects
A: fangs 1, strong nose, distributed training
a: Renounce Religion, Depart the Abyss


You were on level 1 of the Abyss.
You worshipped Lugonu.
Lugonu was aware of your devotion.
You visited 0 branches of the dungeon, and saw 0 of its levels.
You visited the Abyss 1 time.

You collected 21 gold pieces.


Innate Abilities, Weirdness & Mutations

You have very sharp teeth.
Your uncanny sense of smell can sniff out nearby items.
Your experience applies equally to all skills.


   Skills:
 + Level 6.5 Fighting
 + Level 0.7 Short Blades
 + Level 0.7 Long Blades
 + Level 0.7 Axes
 + Level 0.7 Maces & Flails
 + Level 4.5 Polearms
 + Level 0.7 Staves
 + Level 0.7 Slings
 + Level 0.7 Bows
 + Level 0.7 Crossbows
 + Level 0.7 Throwing
 + Level 4.5 Armour
 + Level 2.6 Dodging
 + Level 0.7 Stealth
 + Level 0.7 Shields
 + Level 0.7 Unarmed Combat
 + Level 0.7 Spellcasting
 + Level 0.5 Conjurations
 + Level 0.5 Hexes
 + Level 0.5 Summonings
 + Level 0.5 Necromancy
 + Level 0.5 Translocations
 + Level 0.5 Transmutations
 + Level 0.5 Fire Magic
 + Level 0.5 Ice Magic
 + Level 0.5 Air Magic
 + Level 0.5 Earth Magic
 + Level 0.5 Poison Magic
 + Level 4.5 Invocations
 + Level 0.7 Evocations


You had 3 spell levels left.
You didn't know any spells.
Your spell library was empty.

Inventory:

Hand Weapons
 a - a +1 spear (weapon)
Armour
 b - a +0 leather armour (worn)
Jewellery
 C - a ring of protection from cold (left hand)
   (You found it on level 1 of the Abyss)

Dungeon Overview and Level Annotations

Branches:
Dungeon (0/15)

Altars:

.#.# ...#.
#.#...
..... ∆
#...#
....#
#####....#
#h..∩#.#
#@###.# .
#.###.## ∆
#. #.##
#..####. #
#..#.#.#
#.....## #
##. .# .
#..#


You could see a raiju.


Message History

The quasit claws you. 😮 HP[-1]
You take 1 damage, and now have 15/23 hp.
You completely miss the quasit.
The quasit bites you but does no damage.
The quasit claws you. The quasit closely misses you. 😮 HP[-1]
You take 1 damage, and now have 14/23 hp.
You barely miss the quasit. Your bite misses the quasit.
The quasit bites you but does no damage.
The quasit claws you but does no damage.
The quasit claws you. 😮 HP[-1]
You take 1 damage, and now have 13/23 hp.
You completely miss the quasit. The quasit misses you. The quasit claws you.
You feel clumsy. The quasit barely misses you. 😮 HP[-1]
You take 1 damage, and now have 12/23 hp.
You barely miss the quasit. The quasit closely misses you.
The quasit barely misses you.
The quasit claws you but does no damage.
The quasit bites you.
* * * LOW HITPOINT WARNING * * *
You feel clumsy. The quasit barely misses you.
The quasit claws you but does no damage. 😨 HP[-2]
You take 2 damage, and now have 10/23 hp.
You hit the quasit. The quasit closely misses you.
The quasit barely misses you.
The quasit claws you but does no damage. 😨 HP[+1]
You hit the quasit. The quasit bites you.
* * * LOW HITPOINT WARNING * * *
The quasit claws you.
* * * LOW HITPOINT WARNING * * *
You feel clumsy. The quasit misses you. 😨 HP[-2]
You take 2 damage, and now have 9/23 hp.
You closely miss the quasit. The quasit barely misses you.
The quasit claws you.
* * * LOW HITPOINT WARNING * * *
The quasit claws you.
* * * LOW HITPOINT WARNING * * *
😨 HP[-3]
You take 3 damage, and now have 6/23 hp.
You closely miss the quasit.
The quasit bites you but does no damage.
The quasit claws you but does no damage.
The quasit misses you.
You hit the quasit but do no damage. You bite the quasit, but do no damage.
The quasit barely misses you. The quasit claws you.
* * * LOW HITPOINT WARNING * * *
The quasit claws you but does no damage. 😱 HP[-1]
You take 1 damage, and now have 5/23 hp.
You hit the quasit. The quasit closely misses you.
The quasit claws you but does no damage.
The quasit misses you.
The quasit bites you but does no damage.
The quasit claws you.
* * * LOW HITPOINT WARNING * * *
The quasit claws you but does no damage. 😱 HP[-1]
You take 1 damage, and now have 4/23 hp.
You hit the quasit. The quasit barely misses you. The quasit misses you.
The quasit barely misses you.
You barely miss the quasit. The quasit bites you.
* * * LOW HITPOINT WARNING * * *
The quasit claws you but does no damage.
The quasit barely misses you. 😱 HP[-1]
You take 1 damage, and now have 3/23 hp.
You hit the quasit. The quasit barely misses you.
The quasit completely misses you.
The quasit claws you but does no damage.
You barely miss the quasit.
The quasit bites you but does no damage.
The quasit barely misses you. The quasit closely misses you.
You hit the quasit.
You kill the quasit!
You feel your dexterity returning.
You have reached level 2!
You have reached level 3!
Your experience leads to an increase in your attributes!
Your base attributes are Str 12, Int 9, Dex 12.
Increase (S)trength, (I)ntelligence, or (D)exterity?
You feel stronger. 😱 HP[+2] MP[+3]
You now have 35 max hp (+12).
You regained 2 hp, and now have 5/35 hp.
Your mp is fully restored (6).
The substance of the Abyss twists violently, and a gateway leading out appears!
There is a gateway leading out of the Abyss here.
The raiju bursts into living lightning!
The living lightning misses you.
The raiju blinks!
The raiju bites you.
You die...

Action                   || total
-------------------------++-------
Melee: Spear             ||    21
       Bite              ||     1
Armor: Leather armour    ||    18
Dodge: Dodged            ||    32

Levels and vault maps discovered:
Abyss:1:  base: Temple, abyss_furniture_001, base:
Temple

Notes
Turn   | Place    | Note
-------+----------+-------------------------------------------
     0 | Abyss:1  | spiderkeys the Gnoll Abyssal Knight began the quest for the
                  | Orb.
     0 | Abyss:1  | Reached XP level 1. HP: 23/23 MP: 3/3
     0 | Abyss:1  | magus.rc [v1.9.10]
   146 | Abyss:1  | Noticed a quasit
   152 | Abyss:1  | Noticed a raiju
   162 | Abyss:1  | HP: 5/23 [quasit (1)]
   168 | Abyss:1  | Killed a quasit
   169 | Abyss:1  | Reached XP level 2. HP: 4/29 MP: 5/5
   169 | Abyss:1  | Reached XP level 3. HP: 5/35 MP: 6/6
   172 | Abyss:1  | Slain by a raiju

Vanquished Creatures
  A quasit (Abyss:1)
1 creature vanquished.

Table legend:
 A = Non-vault XP
 B = Vault XP
 C = Vault XP percentage of total XP
 D = Non-vault monster count
 E = Vault monster count
 F = Vault count percentage of total count
                 A         B        C        D         E       F
            +---------+---------+-------+---------+---------+-------
      Total |      45 |       0 |   0.0 |       1 |       0 |   0.0
            +---------+---------+-------+---------+---------+-------
    Abyss:1 |      45 |       0 |   0.0 |       1 |       0 |   0.0
            +---------+---------+-------+---------+---------+-------

Illustrated notes

Table legend:
 A = Kills in this place as a percentage of kills in entire the game.
 B = Kills by you in this place as a percentage of kills by you in the entire game.
 C = Kills by friends in this place as a percentage of kills by friends in the entire game.
 D = Other kills in this place as a percentage of other kills in the entire game.
 E = Experience gained in this place as a percentage of experience gained in the entire game.
 F = Experience gained in this place divided by the number of levels of this place that you have seen.
                   A       B       C       D       E      F
               +-------+-------+-------+-------+-------+----------------------
         Total | 100.0 | 100.0 |   N/A |   N/A | 100.0 |  45.0
         Abyss | 100.0 | 100.0 |   N/A |   N/A | 100.0 |  45.0
               +-------+-------+-------+-------+-------+----------------------

Table legend: (Time is in decaauts)
 A = Elapsed time spent in this place.
 B = Non-inter-level travel time spent in this place.
 C = Inter-level travel time spent in this place.
 D = Time resting spent in this place.
 E = Time spent auto-exploring this place.
 F = Levels seen in this place.
 G = Mean time per level.
                   A        B        C        D        E       F      G
               +--------+--------+--------+--------+--------+-----+--------+
         Total |    169 |    169 |      0 |      0 |    109 |   1 |  169.0 |
         Abyss |    169 |    169 |      0 |      0 |    109 |   1 |  169.0 |
               +--------+--------+--------+--------+--------+-----+--------+

Top non-repeatable levels by time:
 Abyss:1: 169 daAuts
